2247 views
Uploaded 2022-08-06 03:03:27
Game version 1.32.10
34:09 long 4on4 ladder game on (8)GolemsInTheMist_LV
Saved by Cabeelibob
2247 views
Uploaded 2022-08-06 03:03:27
Game version 1.32.10
34:09 long 4on4 ladder game on (8)GolemsInTheMist_LV


191 units @ 29.8k
/ 4.7k
130 buildings @ 16.1k
/ 6.7k


| Rod of Necromancy | 1 | 150 |
| Potion of Healing | 1 | 150 |
| Scroll of Town Portal | 2 | 700 |
| total: | 4 | 1000g |
| Acolyte | 18 | 1350 | / | 0 |
| Ghoul | 12 | 1440 | / | 0 |
| Crypt Fiend | 19 | 4085 | / | 760 |
| Frost Wyrm | 4 | 1540 | / | 480 |
| Meat Wagon | 1 | 230 | / | 50 |
| Obsidian Statue | 4 | 800 | / | 140 |
| Goblin Sapper | 1 | 215 | / | 100 |
| total: | 59 | 9660g | / | 1530w |
| Nerubian Tower | 1 | 100 | / | 20 |
| Spirit Tower | 4 | 580 | / | 160 |
| Ziggurat | 10 | 1500 | / | 500 |
| Altar of Darkness | 1 | 180 | / | 50 |
| Crypt | 1 | 200 | / | 50 |
| Graveyard | 1 | 215 | / | 0 |
| Tomb of Relics | 1 | 130 | / | 30 |
| Necropolis | 1 | 225 | / | 0 |
| Sacrificial Pit | 1 | 75 | / | 150 |
| Slaughterhouse | 1 | 140 | / | 135 |
| Boneyard | 3 | 525 | / | 600 |
| Halls of the Dead | 2 | 640 | / | 420 |
| Black Citadel | 1 | 325 | / | 230 |
| total: | 20 | 3190g | / | 1515w |
| 0:05 | Acolyte |
| 0:05 | Acolyte |
| 0:08 | Ziggurat |
| 0:11 | Altar of Darkness |
| 0:40 | Crypt |
| 0:56 | Ziggurat |
| 1:20 | Nerubian Tower |
| 1:45 | Ghoul |
| 1:45 | Ghoul |
| 1:53 | Ziggurat |
| 2:19 | Ghoul |
| 2:21 | Sleep |
| 2:42 | Graveyard |
| 2:46 | Ghoul |
| 3:14 | Tomb of Relics |
| 3:19 | Ghoul |
| 3:39 | Ghoul |
| 3:42 | Ghoul |
| 4:03 | Ghoul |
| 4:33 | Halls of the Dead |
| 4:35 | Rod of Necromancy |
| 4:44 | Ghoul |
| 5:09 | Ghoul |
| 5:09 | Ghoul |
| 5:12 | Unholy Strength |
| 5:38 | Ghoul |
| 5:40 | Cannibalize |
| 6:32 | Vampiric Aura |
| 6:35 | Crypt Fiend |
| 6:36 | Crypt Fiend |
| 7:12 | Ziggurat |
| 7:13 | Ziggurat |
| 7:17 | Black Citadel |
| 7:50 | Web |
| 7:54 | Unholy Armor |
| 8:00 | Sacrificial Pit |
| 8:16 | Potion of Healing |
| 9:02 | Crypt Fiend |
| 9:02 | Crypt Fiend |
| 9:19 | Vampiric Aura |
| 9:47 | Boneyard |
| 9:49 | Boneyard |
| 9:52 | Acolyte |
| 11:01 | Goblin Sapper |
| 11:25 | Freezing Breath |
| 12:12 | Acolyte |
| 12:12 | Acolyte |
| 12:12 | Acolyte |
| 12:34 | Spirit Tower |
| 13:07 | Acolyte |
| 13:07 | Acolyte |
| 13:46 | Acolyte |
| 13:47 | Acolyte |
| 13:48 | Acolyte |
| 13:51 | Frost Wyrm |
| 14:02 | Frost Wyrm |
| 14:39 | Ghoul Frenzy |
| 14:47 | Boneyard |
| 14:51 | Ziggurat |
| 15:06 | Slaughterhouse |
| 15:07 | Acolyte |
| 16:01 | Creature Attack |
| 16:02 | Creature Carapace |
| 16:08 | Frost Wyrm |
| 16:42 | Frost Wyrm |
| 17:06 | Necropolis |
| 17:15 | Ziggurat |
| 17:32 | Scroll of Town Portal |
| 17:46 | Death Coil |
| 18:38 | Crypt Fiend |
| 18:38 | Crypt Fiend |
| 18:46 | Acolyte |
| 18:46 | Acolyte |
| 18:50 | Acolyte |
| 19:31 | Acolyte |
| 19:51 | Meat Wagon |
| 20:17 | Ziggurat |
| 20:20 | Ziggurat |
| 20:23 | Ziggurat |
| 20:42 | Acolyte |
| 21:09 | Spirit Tower |
| 21:12 | Spirit Tower |
| 21:15 | Spirit Tower |
| 21:20 | Acolyte |
| 22:01 | Crypt Fiend |
| 22:01 | Crypt Fiend |
| 23:09 | Crypt Fiend |
| 23:09 | Crypt Fiend |
| 23:14 | Obsidian Statue |
| 23:37 | Crypt Fiend |
| 24:56 | Scroll of Town Portal |
| 28:49 | Obsidian Statue |
| 29:34 | Halls of the Dead |
| 30:07 | Crypt Fiend |
| 30:08 | Obsidian Statue |
| 31:04 | Crypt Fiend |
| 31:04 | Crypt Fiend |
| 31:07 | Obsidian Statue |
| 32:26 | Crypt Fiend |
| 32:30 | Crypt Fiend |
| 32:59 | Crypt Fiend |
| 32:59 | Crypt Fiend |
| 32:59 | Crypt Fiend |
| Right click | 1031 |
| Select group | 419 |
| Select | 325 |
| Build/train/purchase | 96 |
| Misc. action | 84 |
| Assign group | 26 |
| Use ability | 21 |
| Minimap ping | 13 |
| Chat | 8 |
| Resource trade | 4 |
| Item give/drop | 1 |
| Remove unit | 1 |



| Lesser Clarity Potion | 2 | 140 |
| Scroll of Regeneration | 4 | 400 |
| Scroll of Town Portal | 3 | 1050 |
| Boots of Speed | 1 | 250 |
| Potion of Lesser Invulnerability | 1 | 150 |
| total: | 11 | 1990g |
| Peasant | 13 | 975 | / | 0 |
| Rifleman | 6 | 1230 | / | 180 |
| Mortar Team | 10 | 1800 | / | 700 |
| Priest | 2 | 270 | / | 20 |
| Sorceress | 1 | 155 | / | 20 |
| Knight | 4 | 980 | / | 240 |
| Goblin Shredder | 1 | 375 | / | 100 |
| total: | 37 | 5785g | / | 1260w |
| Scout Tower | 21 | 630 | / | 420 |
| Arcane Tower | 3 | 210 | / | 150 |
| Guard Tower | 8 | 560 | / | 400 |
| Altar of Kings | 1 | 180 | / | 50 |
| Farm | 8 | 640 | / | 160 |
| Blacksmith | 1 | 140 | / | 60 |
| Barracks | 2 | 320 | / | 120 |
| Arcane Vault | 2 | 260 | / | 60 |
| Town Hall | 2 | 770 | / | 410 |
| Lumber Mill | 1 | 120 | / | 0 |
| Workshop | 4 | 560 | / | 560 |
| Arcane Sanctum | 2 | 300 | / | 280 |
| Keep | 1 | 320 | / | 210 |
| Castle | 1 | 360 | / | 210 |
| total: | 44 | 3920g | / | 2120w |
| 0:03 | Peasant |
| 0:03 | Peasant |
| 0:10 | Altar of Kings |
| 0:14 | Farm |
| 0:15 | Farm |
| 0:34 | Peasant |
| 0:35 | Peasant |
| 0:51 | Peasant |
| 1:01 | Peasant |
| 1:18 | Peasant |
| 1:35 | Blacksmith |
| 1:39 | Peasant |
| 1:45 | Barracks |
| 1:49 | Peasant |
| 2:08 | Arcane Vault |
| 2:17 | Farm |
| 2:20 | Farm |
| 2:29 | Barracks |
| 2:42 | Flame Strike |
| 2:57 | Rifleman |
| 3:05 | Rifleman |
| 3:12 | Peasant |
| 3:34 | Lesser Clarity Potion |
| 3:47 | Rifleman |
| 4:36 | Scroll of Regeneration |
| 4:40 | Siphon Mana |
| 4:42 | Rifleman |
| 5:04 | Town Hall |
| 5:41 | Keep |
| 6:03 | Farm |
| 6:04 | Farm |
| 6:04 | Farm |
| 6:06 | Farm |
| 6:40 | Lumber Mill |
| 7:16 | Flame Strike |
| 7:19 | Scroll of Regeneration |
| 7:25 | Peasant |
| 7:25 | Peasant |
| 7:25 | Peasant |
| 7:32 | Black Gunpowder |
| 7:33 | Studded Leather Armor |
| 7:38 | Goblin Shredder |
| 8:02 | Rifleman |
| 8:13 | Workshop |
| 8:21 | Arcane Sanctum |
| 8:28 | Long Rifles |
| 8:40 | Scout Tower |
| 8:48 | Scout Tower |
| 8:56 | Arcane Tower |
| 8:59 | Arcane Tower |
| 9:13 | Scroll of Town Portal |
| 9:39 | Refined Gunpowder |
| 9:42 | Rifleman |
| 11:14 | Scroll of Regeneration |
| 11:31 | Scroll of Town Portal |
| 11:32 | Lesser Clarity Potion |
| 11:37 | Storm Bolt |
| 11:45 | Mortar Team |
| 12:21 | Mortar Team |
| 12:23 | Priest |
| 12:25 | Sorceress |
| 12:25 | Priest |
| 12:54 | Mortar Team |
| 12:58 | Boots of Speed |
| 13:05 | Potion of Lesser Invulnerability |
| 13:51 | Castle |
| 14:45 | Thunder Clap |
| 14:58 | Reinforced Leather Armor |
| 16:35 | Fragmentation Shards |
| 16:36 | Mortar Team |
| 16:36 | Mortar Team |
| 16:36 | Mortar Team |
| 16:43 | Town Hall |
| 16:50 | Scout Tower |
| 16:51 | Scout Tower |
| 16:52 | Scout Tower |
| 16:54 | Scout Tower |
| 17:23 | Arcane Tower |
| 17:36 | Improved Masonry |
| 17:40 | Iron Forged Swords |
| 17:53 | Guard Tower |
| 18:07 | Arcane Vault |
| 18:11 | Scout Tower |
| 18:12 | Scout Tower |
| 18:12 | Scout Tower |
| 19:22 | Knight |
| 19:23 | Knight |
| 19:33 | Guard Tower |
| 19:34 | Guard Tower |
| 19:53 | Guard Tower |
| 19:56 | Advanced Masonry |
| 20:02 | Scout Tower |
| 20:02 | Scout Tower |
| 20:03 | Scout Tower |
| 20:06 | Scout Tower |
| 20:07 | Scout Tower |
| 20:08 | Scout Tower |
| 20:10 | Scout Tower |
| 20:11 | Scout Tower |
| 20:12 | Scout Tower |
| 20:13 | Scout Tower |
| 20:15 | Scout Tower |
| 20:15 | Scout Tower |
| 20:57 | Guard Tower |
| 21:04 | Guard Tower |
| 22:20 | Imbued Masonry |
| 22:44 | Guard Tower |
| 22:45 | Guard Tower |
| 23:05 | Workshop |
| 23:07 | Workshop |
| 23:16 | Workshop |
| 24:51 | Mortar Team |
| 24:54 | Scroll of Town Portal |
| 24:54 | Scroll of Regeneration |
| 25:36 | Mortar Team |
| 26:46 | Holy Light |
| 26:55 | Siphon Mana |
| 27:23 | Mortar Team |
| 28:15 | Knight |
| 29:02 | Mortar Team |
| 29:04 | Flare |
| 29:26 | Arcane Sanctum |
| 32:40 | Animal War Training |
| 32:41 | Knight |
| 33:57 | Magic Sentry |
| Right click | 1254 |
| Select | 324 |
| Select group | 164 |
| Build/train/purchase | 109 |
| Assign group | 59 |
| Use ability | 45 |
| Misc. action | 14 |
| Minimap ping | 6 |
| Item give/drop | 3 |
| Remove unit | 2 |

| Rod of Necromancy | 1 | 150 |
| Potion of Healing | 3 | 450 |
| Scroll of Healing | 1 | 250 |
| Scroll of Town Portal | 4 | 1400 |
| Dust of Appearance | 1 | 75 |
| Scroll of Regeneration | 1 | 100 |
| total: | 11 | 2425g |
| Acolyte | 20 | 1500 | / | 0 |
| Ghoul | 18 | 2160 | / | 0 |
| Gargoyle | 7 | 1225 | / | 210 |
| Frost Wyrm | 3 | 1155 | / | 360 |
| Crypt Fiend | 13 | 2795 | / | 520 |
| Goblin Zeppelin | 2 | 480 | / | 120 |
| total: | 63 | 9315g | / | 1210w |
| Nerubian Tower | 4 | 400 | / | 80 |
| Spirit Tower | 8 | 1160 | / | 320 |
| Crypt | 2 | 400 | / | 100 |
| Ziggurat | 19 | 2850 | / | 950 |
| Altar of Darkness | 1 | 180 | / | 50 |
| Tomb of Relics | 1 | 130 | / | 30 |
| Graveyard | 1 | 215 | / | 0 |
| Necropolis | 4 | 900 | / | 0 |
| Slaughterhouse | 1 | 140 | / | 135 |
| Boneyard | 1 | 175 | / | 200 |
| Halls of the Dead | 5 | 1600 | / | 1050 |
| Black Citadel | 1 | 325 | / | 230 |
| total: | 30 | 4990g | / | 1465w |
| 0:05 | Acolyte |
| 0:05 | Acolyte |
| 0:16 | Crypt |
| 0:18 | Ziggurat |
| 1:00 | Altar of Darkness |
| 1:05 | Tomb of Relics |
| 1:17 | Graveyard |
| 1:28 | Ziggurat |
| 1:40 | Ghoul |
| 1:40 | Ghoul |
| 1:57 | Ghoul |
| 1:57 | Ghoul |
| 2:19 | Ghoul |
| 2:19 | Ghoul |
| 2:19 | Ghoul |
| 2:19 | Ghoul |
| 2:50 | Halls of the Dead |
| 3:05 | Unholy Strength |
| 3:11 | Vampiric Aura |
| 3:22 | Ghoul |
| 3:23 | Ghoul |
| 3:45 | Creature Attack |
| 3:50 | Rod of Necromancy |
| 4:04 | Ziggurat |
| 4:11 | Ghoul |
| 4:12 | Ghoul |
| 4:52 | Sleep |
| 5:27 | Ghoul |
| 5:27 | Ghoul |
| 5:27 | Ghoul |
| 5:27 | Ghoul |
| 6:44 | Black Citadel |
| 6:48 | Crypt |
| 6:49 | Gargoyle |
| 6:49 | Gargoyle |
| 6:49 | Gargoyle |
| 7:18 | Improved Unholy Strength |
| 9:03 | Vampiric Aura |
| 9:11 | Scroll of Healing |
| 9:22 | Nerubian Tower |
| 9:49 | Ghoul |
| 9:49 | Ghoul |
| 9:51 | Gargoyle |
| 9:51 | Gargoyle |
| 9:52 | Gargoyle |
| 9:52 | Gargoyle |
| 9:56 | Acolyte |
| 9:56 | Acolyte |
| 9:57 | Acolyte |
| 9:57 | Acolyte |
| 10:34 | Boneyard |
| 10:37 | Ziggurat |
| 10:39 | Ziggurat |
| 11:01 | Sleep |
| 11:11 | Necropolis |
| 11:31 | Improved Creature Attack |
| 12:18 | Frost Wyrm |
| 12:18 | Frost Wyrm |
| 12:18 | Frost Wyrm |
| 12:50 | Ziggurat |
| 13:43 | Nerubian Tower |
| 13:44 | Ziggurat |
| 13:47 | Ziggurat |
| 13:50 | Ziggurat |
| 13:51 | Ziggurat |
| 13:55 | Acolyte |
| 14:21 | Scroll of Town Portal |
| 14:21 | Scroll of Town Portal |
| 14:44 | Goblin Zeppelin |
| 15:02 | Spirit Tower |
| 15:03 | Spirit Tower |
| 15:38 | Necropolis |
| 15:55 | Acolyte |
| 16:09 | Freezing Breath |
| 16:32 | Carrion Swarm |
| 17:33 | Spirit Tower |
| 17:37 | Acolyte |
| 17:44 | Web |
| 17:44 | Crypt Fiend |
| 17:44 | Crypt Fiend |
| 17:44 | Crypt Fiend |
| 17:45 | Crypt Fiend |
| 17:52 | Acolyte |
| 17:52 | Acolyte |
| 17:52 | Acolyte |
| 17:53 | Acolyte |
| 18:30 | Advanced Creature Attack |
| 18:40 | Spirit Tower |
| 19:20 | Necropolis |
| 19:24 | Crypt Fiend |
| 19:24 | Crypt Fiend |
| 19:24 | Crypt Fiend |
| 19:52 | Acolyte |
| 19:52 | Acolyte |
| 19:53 | Acolyte |
| 19:53 | Acolyte |
| 20:10 | Acolyte |
| 20:10 | Acolyte |
| 20:38 | Crypt Fiend |
| 20:39 | Crypt Fiend |
| 20:39 | Crypt Fiend |
| 21:33 | Scroll of Town Portal |
| 21:36 | Scroll of Regeneration |
| 21:39 | Potion of Healing |
| 21:43 | Crypt Fiend |
| 21:43 | Crypt Fiend |
| 21:43 | Crypt Fiend |
| 24:15 | Necropolis |
| 24:58 | Ziggurat |
| 25:00 | Ziggurat |
| 25:02 | Ziggurat |
| 25:04 | Ziggurat |
| 25:06 | Ziggurat |
| 25:15 | Ziggurat |
| 25:17 | Ziggurat |
| 25:19 | Ziggurat |
| 25:21 | Ziggurat |
| 26:00 | Dust of Appearance |
| 26:24 | Nerubian Tower |
| 26:25 | Spirit Tower |
| 26:25 | Nerubian Tower |
| 26:26 | Spirit Tower |
| 26:33 | Acolyte |
| 27:16 | Spirit Tower |
| 28:22 | Halls of the Dead |
| 28:24 | Halls of the Dead |
| 28:27 | Halls of the Dead |
| 28:42 | Inferno |
| 29:40 | Spirit Tower |
| 30:11 | Goblin Zeppelin |
| 30:44 | Scroll of Town Portal |
| 30:44 | Potion of Healing |
| 30:58 | Potion of Healing |
| 31:18 | Slaughterhouse |
| Right click | 1171 |
| Select group | 496 |
| Select | 427 |
| Misc. action | 192 |
| Build/train/purchase | 132 |
| Assign group | 40 |
| Use ability | 38 |
| Chat | 32 |
| Minimap ping | 14 |
| Esc | 7 |
| Item give/drop | 2 |



| Scroll of Regeneration | 3 | 300 |
| Lesser Clarity Potion | 3 | 210 |
| Potion of Healing | 2 | 300 |
| Potion of Mana | 2 | 400 |
| Orb of Fire | 1 | 325 |
| Scroll of Town Portal | 2 | 700 |
| Boots of Speed | 2 | 500 |
| Potion of Lesser Invulnerability | 1 | 150 |
| Scroll of Protection | 1 | 150 |
| Staff of Teleportation | 2 | 300 |
| total: | 19 | 3335g |
| Peasant | 14 | 1050 | / | 0 |
| Rifleman | 12 | 2460 | / | 360 |
| Goblin Zeppelin | 3 | 720 | / | 180 |
| Goblin Shredder | 1 | 375 | / | 100 |
| Forest Troll Shadow Priest | 1 | 195 | / | 10 |
| Forest Troll Berserker | 1 | 245 | / | 30 |
| total: | 32 | 5045g | / | 680w |
| Scout Tower | 11 | 330 | / | 220 |
| Arcane Tower | 2 | 140 | / | 100 |
| Guard Tower | 6 | 420 | / | 300 |
| Farm | 13 | 1040 | / | 260 |
| Altar of Kings | 1 | 180 | / | 50 |
| Blacksmith | 1 | 140 | / | 60 |
| Barracks | 2 | 320 | / | 120 |
| Lumber Mill | 2 | 240 | / | 0 |
| Arcane Vault | 2 | 260 | / | 60 |
| Town Hall | 4 | 1540 | / | 820 |
| Keep | 1 | 320 | / | 210 |
| Castle | 1 | 360 | / | 210 |
| total: | 36 | 4050g | / | 1590w |
| 0:04 | Peasant |
| 0:04 | Peasant |
| 0:04 | Peasant |
| 0:05 | Peasant |
| 0:05 | Peasant |
| 0:43 | Peasant |
| 1:06 | Farm |
| 1:23 | Altar of Kings |
| 1:28 | Peasant |
| 1:28 | Peasant |
| 1:38 | Blacksmith |
| 1:41 | Peasant |
| 1:44 | Farm |
| 1:52 | Barracks |
| 2:05 | Peasant |
| 2:08 | Lumber Mill |
| 2:21 | Scout Tower |
| 2:23 | Farm |
| 2:31 | Farm |
| 2:39 | Farm |
| 2:47 | Peasant |
| 2:48 | Arcane Tower |
| 2:51 | Barracks |
| 3:11 | Rifleman |
| 3:18 | Peasant |
| 3:27 | Arcane Vault |
| 3:43 | Peasant |
| 4:03 | Rifleman |
| 4:05 | Farm |
| 4:29 | Rifleman |
| 4:33 | Summon Water Elemental |
| 4:45 | Farm |
| 4:47 | Farm |
| 5:37 | Town Hall |
| 5:41 | Town Hall |
| 5:45 | Scout Tower |
| 5:46 | Scout Tower |
| 5:47 | Rifleman |
| 5:51 | Farm |
| 6:14 | Arcane Vault |
| 6:17 | Scout Tower |
| 6:31 | Guard Tower |
| 6:39 | Arcane Tower |
| 6:53 | Forest Troll Shadow Priest |
| 6:57 | Brilliance Aura |
| 7:22 | Forest Troll Berserker |
| 7:27 | Guard Tower |
| 7:28 | Scout Tower |
| 7:32 | Scout Tower |
| 7:33 | Scroll of Regeneration |
| 7:34 | Lesser Clarity Potion |
| 7:38 | Scroll of Regeneration |
| 7:38 | Lesser Clarity Potion |
| 7:57 | Keep |
| 8:11 | Farm |
| 8:20 | Black Gunpowder |
| 8:31 | Rifleman |
| 8:58 | Rifleman |
| 9:10 | Studded Leather Armor |
| 9:18 | Goblin Zeppelin |
| 9:26 | Farm |
| 9:29 | Rifleman |
| 9:57 | Goblin Zeppelin |
| 10:01 | Rifleman |
| 10:06 | Farm |
| 10:17 | Rifleman |
| 10:28 | Rifleman |
| 10:43 | Long Rifles |
| 10:53 | Potion of Healing |
| 10:54 | Scroll of Regeneration |
| 11:09 | Lesser Clarity Potion |
| 11:13 | Potion of Mana |
| 11:24 | Refined Gunpowder |
| 11:24 | Imbued Gunpowder |
| 11:44 | Rifleman |
| 12:13 | Summon Water Elemental |
| 12:32 | Brilliance Aura |
| 12:46 | Rifleman |
| 13:05 | Goblin Zeppelin |
| 13:47 | Reinforced Leather Armor |
| 13:49 | Castle |
| 15:39 | Farm |
| 16:44 | Summon Lava Spawn |
| 16:58 | Healing Spray |
| 17:01 | Dragonhide Armor |
| 18:20 | Town Hall |
| 19:16 | Scout Tower |
| 19:18 | Scout Tower |
| 19:20 | Scout Tower |
| 19:25 | Guard Tower |
| 19:56 | Lumber Mill |
| 20:36 | Goblin Shredder |
| 20:43 | Guard Tower |
| 21:33 | Guard Tower |
| 21:36 | Scout Tower |
| 21:39 | Improved Masonry |
| 21:42 | Scout Tower |
| 21:47 | Scroll of Town Portal |
| 21:48 | Potion of Mana |
| 21:48 | Potion of Healing |
| 21:49 | Orb of Fire |
| 21:59 | Boots of Speed |
| 22:00 | Boots of Speed |
| 22:00 | Potion of Lesser Invulnerability |
| 22:01 | Scroll of Town Portal |
| 22:01 | Scroll of Protection |
| 22:02 | Staff of Teleportation |
| 22:30 | Guard Tower |
| 22:33 | Town Hall |
| 24:46 | Peasant |
| 29:34 | Staff of Teleportation |
| Select | 467 |
| Right click | 446 |
| Build/train/purchase | 118 |
| Misc. action | 43 |
| Use ability | 39 |
| Select group | 29 |
| Chat | 15 |
| Resource trade | 14 |
| Assign group | 7 |
| Item give/drop | 4 |
| Minimap ping | 1 |
117 units @ 12.4k
/ 2.1k
212 buildings @ 16.8k
/ 8.6k
DudeWhy
(236)
(34:08) : 

| Boots of Speed | 4 | 1000 |
| Healing Salve | 1 | 100 |
| total: | 5 | 1100g |
| Peasant | 16 | 1200 | / | 0 |
| Mortar Team | 12 | 2160 | / | 840 |
| total: | 28 | 3360g | / | 840w |
| Scout Tower | 26 | 780 | / | 520 |
| Arcane Tower | 1 | 70 | / | 50 |
| Guard Tower | 7 | 490 | / | 350 |
| Altar of Kings | 2 | 360 | / | 100 |
| Farm | 14 | 1120 | / | 280 |
| Lumber Mill | 2 | 240 | / | 0 |
| Town Hall | 1 | 385 | / | 205 |
| Blacksmith | 1 | 140 | / | 60 |
| Workshop | 1 | 140 | / | 140 |
| Keep | 1 | 320 | / | 210 |
| Castle | 1 | 360 | / | 210 |
| total: | 47 | 3165g | / | 1305w |
| 0:03 | Peasant |
| 0:08 | Peasant |
| 0:16 | Peasant |
| 0:18 | Altar of Kings |
| 0:33 | Farm |
| 0:36 | Peasant |
| 0:52 | Lumber Mill |
| 0:53 | Peasant |
| 0:55 | Peasant |
| 0:59 | Farm |
| 1:01 | Peasant |
| 1:27 | Peasant |
| 1:30 | Farm |
| 1:34 | Farm |
| 1:42 | Scout Tower |
| 1:46 | Scout Tower |
| 2:13 | Improved Lumber Harvesting |
| 2:13 | Improved Masonry |
| 2:18 | Storm Bolt |
| 2:24 | Peasant |
| 2:24 | Peasant |
| 3:06 | Scout Tower |
| 3:07 | Scout Tower |
| 3:07 | Scout Tower |
| 3:08 | Scout Tower |
| 3:09 | Scout Tower |
| 3:10 | Scout Tower |
| 3:28 | Peasant |
| 3:29 | Peasant |
| 3:31 | Arcane Tower |
| 3:40 | Town Hall |
| 4:00 | Peasant |
| 4:34 | Peasant |
| 5:04 | Guard Tower |
| 5:20 | Keep |
| 5:23 | Peasant |
| 5:23 | Peasant |
| 5:25 | Scout Tower |
| 5:26 | Scout Tower |
| 5:27 | Scout Tower |
| 5:27 | Scout Tower |
| 5:29 | Scout Tower |
| 5:30 | Scout Tower |
| 5:52 | Healing Salve |
| 7:12 | Scout Tower |
| 7:12 | Scout Tower |
| 7:14 | Scout Tower |
| 7:14 | Scout Tower |
| 7:15 | Scout Tower |
| 7:15 | Scout Tower |
| 7:29 | Blacksmith |
| 7:41 | Altar of Kings |
| 7:45 | Scout Tower |
| 7:45 | Scout Tower |
| 7:46 | Scout Tower |
| 8:01 | Lumber Mill |
| 8:11 | Holy Light |
| 8:49 | Farm |
| 8:51 | Farm |
| 8:53 | Farm |
| 8:55 | Farm |
| 9:24 | Guard Tower |
| 9:25 | Advanced Masonry |
| 9:25 | Advanced Lumber Harvesting |
| 9:28 | Guard Tower |
| 9:38 | Castle |
| 9:52 | Workshop |
| 10:04 | Guard Tower |
| 10:07 | Scout Tower |
| 10:08 | Scout Tower |
| 10:10 | Scout Tower |
| 10:15 | Black Gunpowder |
| 10:40 | Holy Light |
| 11:31 | Mortar Team |
| 14:23 | Fragmentation Shards |
| 14:23 | Flare |
| 14:24 | Mortar Team |
| 14:28 | Refined Gunpowder |
| 14:30 | Guard Tower |
| 14:33 | Guard Tower |
| 16:00 | Mortar Team |
| 16:49 | Guard Tower |
| 16:52 | Mortar Team |
| 16:54 | Imbued Gunpowder |
| 18:53 | Bash |
| 18:56 | Bash |
| 18:58 | Holy Light |
| 24:46 | Mortar Team |
| 24:46 | Mortar Team |
| 24:46 | Mortar Team |
| 24:47 | Mortar Team |
| 24:47 | Mortar Team |
| 24:47 | Mortar Team |
| 24:47 | Mortar Team |
| 24:53 | Farm |
| 24:53 | Farm |
| 24:54 | Farm |
| 24:59 | Iron Plating |
| 25:00 | Studded Leather Armor |
| 26:25 | Mortar Team |
| 26:50 | Divine Shield |
| 29:16 | Storm Bolt |
| 30:02 | Farm |
| 30:03 | Farm |
| 30:04 | Farm |
| 30:40 | Boots of Speed |
| 30:40 | Boots of Speed |
| 31:23 | Boots of Speed |
| 31:23 | Boots of Speed |
| Right click | 1699 |
| Select group | 365 |
| Select | 292 |
| Use ability | 106 |
| Build/train/purchase | 77 |
| Misc. action | 60 |
| Resource trade | 56 |
| Minimap ping | 14 |
| Assign group | 12 |
| Esc | 4 |
| Item give/drop | 2 |

| Peasant | 11 | 825 | / | 0 |
| Flying Machine | 23 | 2300 | / | 690 |
| Dragonhawk Rider | 5 | 1000 | / | 150 |
| Mortar Team | 2 | 360 | / | 140 |
| total: | 41 | 4485g | / | 980w |
| Scout Tower | 1 | 30 | / | 20 |
| Arcane Tower | 1 | 70 | / | 50 |
| Altar of Kings | 1 | 180 | / | 50 |
| Farm | 20 | 1600 | / | 400 |
| Lumber Mill | 1 | 120 | / | 0 |
| Blacksmith | 1 | 140 | / | 60 |
| Arcane Vault | 2 | 260 | / | 60 |
| Workshop | 5 | 700 | / | 700 |
| Gryphon Aviary | 1 | 140 | / | 150 |
| Keep | 1 | 320 | / | 210 |
| Castle | 1 | 360 | / | 210 |
| total: | 32 | 3170g | / | 1440w |
| 0:13 | Altar of Kings |
| 0:15 | Peasant |
| 0:16 | Peasant |
| 0:16 | Peasant |
| 0:16 | Peasant |
| 0:21 | Peasant |
| 0:34 | Farm |
| 0:35 | Farm |
| 0:35 | Farm |
| 0:43 | Peasant |
| 0:59 | Lumber Mill |
| 1:08 | Scout Tower |
| 1:10 | Peasant |
| 1:53 | Arcane Tower |
| 1:57 | Peasant |
| 2:10 | Improved Lumber Harvesting |
| 2:33 | Blacksmith |
| 2:44 | Farm |
| 2:45 | Farm |
| 2:46 | Farm |
| 2:53 | Storm Bolt |
| 3:05 | Peasant |
| 3:05 | Peasant |
| 3:07 | Peasant |
| 3:31 | Farm |
| 3:32 | Farm |
| 3:40 | Keep |
| 3:49 | Arcane Vault |
| 4:00 | Black Gunpowder |
| 4:09 | Iron Plating |
| 6:03 | Farm |
| 6:04 | Farm |
| 6:05 | Farm |
| 6:20 | Workshop |
| 6:22 | Workshop |
| 6:30 | Refined Gunpowder |
| 6:30 | Steel Plating |
| 7:07 | Workshop |
| 7:13 | Workshop |
| 7:19 | Castle |
| 7:39 | Advanced Lumber Harvesting |
| 7:51 | Flak Cannons |
| 8:16 | Gryphon Aviary |
| 8:52 | Workshop |
| 9:41 | Flying Machine Bombs |
| 9:47 | Cloud |
| 10:01 | Imbued Gunpowder |
| 10:02 | Mithril Plating |
| 10:39 | Flying Machine |
| 10:39 | Flying Machine |
| 10:39 | Flying Machine |
| 10:39 | Flying Machine |
| 10:39 | Flying Machine |
| 10:39 | Flying Machine |
| 10:45 | Farm |
| 10:48 | Farm |
| 11:49 | Flying Machine |
| 12:18 | Flying Machine |
| 12:46 | Flying Machine |
| 12:48 | Flying Machine |
| 12:49 | Flying Machine |
| 13:45 | Flying Machine |
| 13:45 | Flying Machine |
| 13:45 | Flying Machine |
| 13:45 | Flying Machine |
| 13:45 | Flying Machine |
| 13:45 | Flying Machine |
| 13:46 | Flying Machine |
| 14:22 | Dragonhawk Rider |
| 14:22 | Dragonhawk Rider |
| 16:02 | Mortar Team |
| 16:04 | Mortar Team |
| 27:48 | Farm |
| 27:49 | Farm |
| 27:50 | Farm |
| 27:51 | Farm |
| 27:54 | Farm |
| 27:55 | Farm |
| 27:56 | Farm |
| 29:16 | Flying Machine |
| 29:16 | Flying Machine |
| 29:17 | Flying Machine |
| 29:17 | Flying Machine |
| 29:17 | Flying Machine |
| 29:27 | Arcane Vault |
| 31:01 | Dragonhawk Rider |
| 31:01 | Dragonhawk Rider |
| 31:44 | Dragonhawk Rider |
| Right click | 989 |
| Select group | 965 |
| Select | 244 |
| Build/train/purchase | 58 |
| Assign group | 23 |
| Chat | 17 |
| Use ability | 13 |
| Minimap ping | 12 |
| Remove unit | 2 |


| Peasant | 14 | 1050 | / | 0 |
| Forest Troll Berserker | 1 | 245 | / | 30 |
| total: | 15 | 1295g | / | 30w |
| Scout Tower | 70 | 2100 | / | 1400 |
| Arcane Tower | 6 | 420 | / | 300 |
| Guard Tower | 14 | 980 | / | 700 |
| Altar of Kings | 3 | 540 | / | 150 |
| Farm | 7 | 560 | / | 140 |
| Lumber Mill | 2 | 240 | / | 0 |
| Keep | 1 | 320 | / | 210 |
| Castle | 1 | 360 | / | 210 |
| total: | 82 | 3440g | / | 1690w |
| 0:03 | Peasant |
| 0:03 | Peasant |
| 0:06 | Altar of Kings |
| 0:10 | Farm |
| 0:10 | Farm |
| 0:18 | Peasant |
| 0:36 | Peasant |
| 0:50 | Peasant |
| 0:54 | Lumber Mill |
| 1:00 | Peasant |
| 1:17 | Farm |
| 1:20 | Peasant |
| 1:21 | Peasant |
| 1:40 | Peasant |
| 1:59 | Peasant |
| 2:09 | Peasant |
| 2:11 | Improved Lumber Harvesting |
| 2:11 | Improved Masonry |
| 2:19 | Storm Bolt |
| 2:22 | Peasant |
| 2:23 | Peasant |
| 2:26 | Peasant |
| 2:31 | Scout Tower |
| 2:34 | Scout Tower |
| 3:01 | Scout Tower |
| 3:02 | Scout Tower |
| 3:03 | Scout Tower |
| 3:03 | Scout Tower |
| 3:05 | Scout Tower |
| 3:05 | Scout Tower |
| 3:06 | Scout Tower |
| 3:07 | Scout Tower |
| 3:07 | Scout Tower |
| 3:08 | Scout Tower |
| 3:09 | Scout Tower |
| 3:09 | Scout Tower |
| 3:45 | Arcane Tower |
| 3:46 | Guard Tower |
| 3:51 | Keep |
| 3:54 | Guard Tower |
| 4:05 | Guard Tower |
| 4:06 | Guard Tower |
| 4:09 | Arcane Tower |
| 4:19 | Scout Tower |
| 4:19 | Scout Tower |
| 4:20 | Scout Tower |
| 4:21 | Scout Tower |
| 4:22 | Scout Tower |
| 4:23 | Scout Tower |
| 4:40 | Scout Tower |
| 4:48 | Scout Tower |
| 4:48 | Scout Tower |
| 4:49 | Scout Tower |
| 4:52 | Arcane Tower |
| 5:10 | Forest Troll Berserker |
| 5:46 | Guard Tower |
| 5:49 | Scout Tower |
| 5:49 | Scout Tower |
| 5:50 | Scout Tower |
| 5:51 | Scout Tower |
| 5:56 | Arcane Tower |
| 6:08 | Guard Tower |
| 7:04 | Bash |
| 7:05 | Bash |
| 7:06 | Bash |
| 7:32 | Arcane Tower |
| 7:33 | Guard Tower |
| 7:39 | Scout Tower |
| 7:40 | Scout Tower |
| 7:41 | Scout Tower |
| 7:42 | Scout Tower |
| 7:46 | Guard Tower |
| 7:48 | Scout Tower |
| 7:49 | Scout Tower |
| 7:50 | Scout Tower |
| 7:51 | Scout Tower |
| 7:52 | Scout Tower |
| 9:06 | Castle |
| 9:07 | Advanced Masonry |
| 9:11 | Arcane Tower |
| 9:18 | Holy Light |
| 10:49 | Divine Shield |
| 11:11 | Scout Tower |
| 11:11 | Scout Tower |
| 11:12 | Scout Tower |
| 11:12 | Scout Tower |
| 11:14 | Scout Tower |
| 11:14 | Scout Tower |
| 11:20 | Guard Tower |
| 11:22 | Scout Tower |
| 11:24 | Scout Tower |
| 11:25 | Scout Tower |
| 11:26 | Scout Tower |
| 11:26 | Scout Tower |
| 11:35 | Imbued Masonry |
| 13:11 | Storm Bolt |
| 13:47 | Altar of Kings |
| 13:53 | Altar of Kings |
| 13:56 | Storm Bolt |
| 14:19 | Lumber Mill |
| 14:27 | Farm |
| 14:27 | Farm |
| 14:32 | Farm |
| 14:33 | Farm |
| 15:29 | Scout Tower |
| 15:30 | Scout Tower |
| 15:35 | Scout Tower |
| 15:36 | Scout Tower |
| 15:37 | Scout Tower |
| 16:04 | Guard Tower |
| 16:44 | Guard Tower |
| 16:46 | Guard Tower |
| 17:28 | Storm Bolt |
| 17:30 | Divine Shield |
| 18:26 | Holy Light |
| 19:06 | Bash |
| 19:10 | Divine Shield |
| 23:58 | Holy Light |
| 29:21 | Scout Tower |
| 29:22 | Scout Tower |
| 29:23 | Scout Tower |
| 29:24 | Scout Tower |
| 29:26 | Scout Tower |
| 29:27 | Scout Tower |
| 29:29 | Scout Tower |
| 29:30 | Scout Tower |
| 29:46 | Storm Bolt |
| 29:48 | Storm Bolt |
| 30:08 | Divine Shield |
| 30:09 | Guard Tower |
| 30:12 | Scout Tower |
| 30:13 | Scout Tower |
| 30:14 | Scout Tower |
| 30:14 | Scout Tower |
| 30:15 | Scout Tower |
| 30:16 | Scout Tower |
| 30:17 | Scout Tower |
| 30:17 | Scout Tower |
| 30:18 | Scout Tower |
| 30:21 | Guard Tower |
| Right click | 1832 |
| Select | 314 |
| Select group | 124 |
| Build/train/purchase | 64 |
| Chat | 48 |
| Use ability | 44 |
| Misc. action | 41 |
| Minimap ping | 27 |
| Assign group | 17 |
| Resource trade | 7 |
Cabeelibob
(194)
(34:08) : 
| Lesser Clarity Potion | 11 | 770 |
| Healing Salve | 2 | 200 |
| Orb of Lightning | 1 | 375 |
| Tiny Great Hall | 2 | 1200 |
| Potion of Healing | 1 | 150 |
| Potion of Mana | 3 | 600 |
| Staff of Teleportation | 1 | 150 |
| Boots of Speed | 1 | 250 |
| total: | 22 | 3695g |
| Peon | 23 | 1725 | / | 0 |
| Troll Witch Doctor | 9 | 1305 | / | 225 |
| Goblin Zeppelin | 1 | 240 | / | 60 |
| total: | 33 | 3270g | / | 285w |
| Watch Tower | 38 | 4180 | / | 3040 |
| Altar of Storms | 2 | 360 | / | 100 |
| Orc Burrow | 2 | 320 | / | 80 |
| War Mill | 2 | 410 | / | 0 |
| Voodoo Lounge | 2 | 260 | / | 60 |
| Great Hall | 3 | 1155 | / | 555 |
| Beastiary | 1 | 145 | / | 140 |
| Spirit Lodge | 1 | 150 | / | 150 |
| Stronghold | 1 | 315 | / | 190 |
| Fortress | 1 | 325 | / | 190 |
| total: | 51 | 6980g | / | 4125w |
| 0:03 | Altar of Storms |
| 0:06 | Altar of Storms |
| 0:09 | Orc Burrow |
| 0:10 | Peon |
| 0:23 | Peon |
| 0:31 | Peon |
| 0:50 | Peon |
| 0:56 | Peon |
| 0:59 | War Mill |
| 1:19 | Peon |
| 1:24 | Voodoo Lounge |
| 1:37 | Peon |
| 1:44 | Orc Burrow |
| 1:56 | Peon |
| 2:11 | Wind Walk |
| 2:21 | Peon |
| 2:27 | Watch Tower |
| 2:31 | Watch Tower |
| 2:44 | Peon |
| 2:46 | Spiked Barricades |
| 2:47 | Peon |
| 3:02 | Peon |
| 3:06 | Watch Tower |
| 3:34 | Peon |
| 4:36 | Great Hall |
| 4:43 | Voodoo Lounge |
| 4:50 | Peon |
| 5:08 | Watch Tower |
| 5:57 | Watch Tower |
| 6:13 | Watch Tower |
| 6:14 | Watch Tower |
| 6:15 | Watch Tower |
| 6:15 | Watch Tower |
| 7:13 | Staff of Teleportation |
| 7:14 | Boots of Speed |
| 7:25 | War Mill |
| 7:34 | Peon |
| 7:38 | Lesser Clarity Potion |
| 8:48 | Stronghold |
| 9:42 | Healing Salve |
| 9:43 | Lesser Clarity Potion |
| 10:43 | Watch Tower |
| 10:43 | Watch Tower |
| 10:47 | Lesser Clarity Potion |
| 11:19 | Watch Tower |
| 11:19 | Watch Tower |
| 11:21 | Watch Tower |
| 11:25 | Reinforced Defenses |
| 11:29 | Lesser Clarity Potion |
| 12:25 | Critical Strike |
| 13:09 | Fortress |
| 13:15 | Beastiary |
| 13:27 | Spirit Lodge |
| 13:33 | Lesser Clarity Potion |
| 14:03 | Goblin Zeppelin |
| 15:10 | Watch Tower |
| 15:12 | Watch Tower |
| 15:13 | Watch Tower |
| 15:14 | Watch Tower |
| 15:15 | Watch Tower |
| 15:17 | Watch Tower |
| 15:25 | Great Hall |
| 15:31 | Watch Tower |
| 15:31 | Watch Tower |
| 16:18 | Orb of Lightning |
| 16:20 | Critical Strike |
| 18:19 | Wind Walk |
| 18:22 | Critical Strike |
| 18:30 | Great Hall |
| 18:32 | Watch Tower |
| 18:32 | Watch Tower |
| 18:33 | Watch Tower |
| 18:34 | Watch Tower |
| 19:37 | Improved Spiked Barricades |
| 19:44 | Tiny Great Hall |
| 19:51 | Potion of Healing |
| 19:53 | Healing Salve |
| 19:57 | Lesser Clarity Potion |
| 20:00 | Witch Doctor Adept Training |
| 20:06 | War Drums Damage Increase |
| 20:06 | Liquid Fire |
| 20:53 | Watch Tower |
| 20:54 | Watch Tower |
| 20:55 | Watch Tower |
| 20:56 | Watch Tower |
| 21:02 | Peon |
| 21:02 | Peon |
| 21:02 | Peon |
| 21:45 | Peon |
| 21:45 | Peon |
| 21:46 | Peon |
| 21:46 | Peon |
| 21:47 | Peon |
| 22:07 | Bladestorm |
| 22:52 | Lesser Clarity Potion |
| 23:03 | Watch Tower |
| 23:04 | Watch Tower |
| 23:06 | Watch Tower |
| 23:07 | Watch Tower |
| 23:08 | Watch Tower |
| 23:09 | Watch Tower |
| 23:11 | Watch Tower |
| 23:12 | Watch Tower |
| 24:20 | Witch Doctor Master Training |
| 24:21 | Troll Witch Doctor |
| 24:21 | Troll Witch Doctor |
| 24:21 | Troll Witch Doctor |
| 24:21 | Troll Witch Doctor |
| 25:03 | Wind Walk |
| 26:43 | Potion of Mana |
| 26:44 | Lesser Clarity Potion |
| 27:23 | Lesser Clarity Potion |
| 27:25 | Potion of Mana |
| 28:32 | Troll Witch Doctor |
| 28:32 | Troll Witch Doctor |
| 28:32 | Troll Witch Doctor |
| 30:24 | Mirror Image |
| 30:36 | Troll Witch Doctor |
| 30:37 | Troll Witch Doctor |
| 30:49 | Lesser Clarity Potion |
| 33:42 | Lesser Clarity Potion |
| 33:44 | Potion of Mana |
| 33:46 | Tiny Great Hall |
| Right click | 1089 |
| Select | 195 |
| Select group | 153 |
| Build/train/purchase | 136 |
| Misc. action | 119 |
| Resource trade | 73 |
| Chat | 65 |
| Use ability | 16 |
| Minimap ping | 11 |
| Esc | 6 |
| Item give/drop | 5 |
| Assign group | 4 |
| Remove unit | 2 |
⇛